 Dungeon Crawl Stone Soup version 0.28.0-43-g3370ac3207 (webtiles) character file.

Game seed: 2109533045576705553

73 uselesstheremin the Skirmisher (level 4, -1/40 HPs)
             Began as a Hill Orc Fighter on Mar 2, 2022.
             Was an Initiate of Ashenzari.
             Slain by a yak (12 damage)
             ... on level 4 of the Dungeon.
             The game lasted 00:09:47 (1348 turns).

uselesstheremin the Skirmisher (Hill Orc Fighter)   Turns: 1348, Time: 00:09:48

Health: -1/40      AC:  9    Str: 18    XL:     4   Next: 27%
Magic:  4/4        EV:  6    Int:  8    God:    Ashenzari [......]
Gold:   11         SH:  4    Dex: 12    Spells: 3/3 levels left

rFire   . . .      SeeInvis .   a - +0 long sword
rCold   . . .      Faith    .   c - +0 buckler
rNeg    + . .      Spirit   .   j - +0 chain mail
rPois   .          Reflect  .   (no helmet)
rElec   .          Harm     .   (no cloak)
rCorr   .          Rampage  .   (no gloves)
Will    .....                   (no boots)
Stlth   ..........              (no amulet)
HPRegen 0.13/turn               g - ring of positive energy
MPRegen 0.09/turn               (no ring)

@: no status effects
A: no striking features
a: Renounce Religion


You were on level 4 of the Dungeon.
You worshipped Ashenzari.
Ashenzari was noncommittal.
You visited 1 branch of the dungeon, and saw 4 of its levels.

You collected 11 gold pieces.

Inventory:

Hand Weapons
 a - a +0 long sword (weapon)
Armour
 b - a +0 scale mail
 c - a +0 buckler (worn)
 j - a +0 chain mail (worn)
Jewellery
 g - a ring of positive energy (left hand)
Scrolls
 e - a scroll of teleportation {unknown}
 f - a scroll of identify {unknown}
 i - a scroll of magic mapping {unknown}
Potions
 d - a potion of might
 h - a potion of magic {unknown}


   Skills:
 + Level 4.2 Fighting
 + Level 3.2 Long Blades
 + Level 4.0 Armour
 + Level 0.1 Dodging
 + Level 3.7 Shields


You had 3 spell levels left.
You didn't know any spells.
Your spell library was empty.

Dungeon Overview and Level Annotations

Branches:
Dungeon (4/15)
 Temple: D:4-7

Altars:
Ashenzari
Dithmenos
Makhleb
Trog
Vehumet

Annotations:
D:4 Dowan, Duvessa


Message History

You kill the gnoll!
Your Armour skill increases to level 4!
You see here a +0 spear.
Things that are here:
a +0 flail; a +0 club
Found a stone staircase leading down.
You see here a +0 spear.
You see here a +0 spear.
There is a stone staircase leading down here.
There is a stone staircase leading down here.
There is a stone staircase leading down here.
You climb downwards.
Level annotation: Dowan, Duvessa
Found 11 gold pieces and a scroll labelled PITUKO USIQU.
There is a stone staircase leading up here.
A yak comes into view.
The yak bellows!
A yak comes into view.
The yak moves out of view.
A yak comes into view.
The yak bellows! x2
A yak comes into view. x2
The yak bellows! x2
You see here a scroll labelled PITUKO USIQU.
You hit the yak.
The yak is lightly wounded.
The yak barely misses you. The yak gores you.
You hit the yak but do no damage.
The yak is lightly wounded.
A yak comes into view.
The yak gores you but does no damage.
You hit the yak.
The yak is moderately wounded.
You block the yak's attack.
You completely miss the yak. You block the yak's attack. The yak gores you.
* * * LOW HITPOINT WARNING * * *
The yak gores you.
* * * LOW HITPOINT WARNING * * *
The yak gores you!
You die...

.. #. ......
..##..#
.......
#..... .
)......
#...#### ..
.......
##..##.## ...
......#
#.....@Y#....
.......
##...YYY....#
#.....
##..........#
#.....
#<......#...#
#.....
#.....Y###.##
#.e...
#####..# ..#
#..... ##..#
.# .(.....
##.# #
##...## ...
#....


You could see 5 yaks.

Vanquished Creatures
  4 gnolls (D:3)
  An adder (D:4)
  2 endoplasms
  A giant cockroach (D:1)
  3 goblins
  A hobgoblin (D:1)
  3 kobolds
  3 quokkas
  2 ball pythons
  4 bats
  2 frilled lizards (D:1)
  A rat (D:1)
27 creatures vanquished.

Notes
Turn   | Place    | Note
-------+----------+-------------------------------------------
     0 | D:1      | uselesstheremin the Hill Orc Fighter began the quest for
                  | the Orb.
     0 | D:1      | Reached XP level 1. HP: 19/19 MP: 1/1
   297 | D:1      | Reached XP level 2. HP: 24/27 MP: 2/2
   831 | D:3      | Reached XP level 3. HP: 33/33 MP: 3/3
   852 | D:4      | Noticed Duvessa
   854 | D:4      | Noticed Dowan
  1092 | D:3      | Found a burning altar of Makhleb.
  1092 | D:3      | Found a broken altar of Ashenzari.
  1100 | D:3      | Found a bloodstained altar of Trog.
  1103 | D:3      | Became a worshipper of Ashenzari the Shackled
  1108 | D:3      | Found a shadowy altar of Dithmenos.
  1110 | D:3      | Found a radiant altar of Vehumet.
  1206 | D:3      | Reached XP level 4. HP: 23/40 MP: 4/4
  1337 | D:4      | Noticed a yak
  1337 | D:4      | Noticed a yak
  1338 | D:4      | Noticed a yak
  1340 | D:4      | Noticed a yak
  1340 | D:4      | Noticed a yak
  1346 | D:4      | Noticed a yak
  1348 | D:4      | Slain by a yak

Illustrated notes

Levels and vault maps discovered:
D:1:      dpeg_arrival_concentric_ovals, layout_rooms
D:2:      layout_basic, serial_curves, eino_curves_04, eino_curves_03,
          eino_curves_04, eino_curves_04
D:3:      layout_basic, chequers_temple_overflow_minitemple,
          basic_ecumenical_altar
D:4:      layout_cave_pools, minmay_temple_entry_trees, grunt_ministairs_1,
          uniq_duvessa

Skill      XL: |  1  2  3  4 |
---------------+-------------+-----
Fighting       | 4 |  4.2
Long Blades    | 3 |  3.2
Armour         | 4 |  4.0
Dodging        | |  0.1
Shields        | |  3.7

Action                   |  1- 3 |  4- 6 || total
-------------------------+-------+-------++-------
Melee: Long sword        |    86 |    13 ||    99
Armor: Scale mail        |    66 |       ||    66
       Chain mail        |     1 |     7 ||     8
Dodge: Dodged            |    72 |     6 ||    78
Block: Buckler           |    27 |     3 ||    30
